Map: Acropolis LE

Players

Elazer - Winner!

  • Race: Zerg Zerg
  • Spawn Location: 11:00

goblin

  • Race: Protoss Protoss
  • Spawn Location: 5:00

Event: 2019 WCS Summer

VOD

Have the link to the VOD?

Description

Time

  • Played on: July 12, 2019, 3:11 p.m.
  • Length: 8:48

All games in this series

Show
View Real Time Build Order
Export as new Build Order

Elazer Zerg - Winner!

Build Orders: Hatch First 

Get SALT Encoding   

  12  0:00  Drone  
  13  0:12  Overlord  
  13  0:16  Drone  
  14  0:30  Drone x2  
  16  0:47  Hatchery  
  15  0:50  Drone  
  15  0:54  Drone  
  17  0:57  Drone  
  18  1:08  Extractor  
  17  1:13  Spawning Pool  
  17  1:15  Drone  
  17  1:19  Drone  
  18  1:30  Drone  
  19  1:39  Drone  
  20  1:49  Drone  
  21  1:59  Zergling x2, Queen  
  21  2:00  Queen, Overlord  
  26  2:10  Drone  
  26  2:11  Zergling x2  
  28  2:22  Drone x2  
  30  2:26  Hatchery  
  29  2:31  Drone  
  29  2:32  Drone  
  31  2:38  Queen  
  31  2:42  Metabolic Boost  
  33  2:47  Overlord  
  33  2:50  Drone  
  34  2:53  Drone  
  34  2:55  Drone  
  36  3:06  Drone x2  
  36  3:07  Drone  
  36  3:08  Drone x3  
  36  3:11  Overlord  
  42  3:19  Queen  
  44  3:24  Lair  
  44  3:31  Drone x4  
  48  3:34  Drone  
  48  3:41  Drone x4  
  53  3:44  Extractor  
  53  3:45  Extractor  
  53  3:47  Roach Warren  
  50  3:51  Drone x3  
  50  3:55  Drone x2  
  55  3:57  Overlord  
  55  4:01  Drone  
  56  4:04  Overlord  
  56  4:09  Zergling x4  
  58  4:13  Overlord  
  58  4:15  Zergling x8  
  62  4:20  Overlord  
  62  4:21  Zergling x2  
  62  4:22  Zergling x4  
  62  4:23  Overseer  
  65  4:27  Overlord  
  65  4:29  Glial Reconstitution  
  65  4:32  Roach  
  65  4:34  Roach  
  65  4:37  Roach x2  
  73  4:40  Roach  
  73  4:42  Overlord  
  75  4:48  Roach x2  
  75  4:51  Queen  
  81  4:57  Roach x3  
  87  5:00  Roach  
  87  5:03  Overlord  
  87  5:05  Overlord  
  87  5:06  Drone  
  89  5:07  Drone  
  89  5:08  Drone  
  89  5:10  Drone  
  89  5:13  Drone  
  88  5:16  Zergling x6  
  88  5:19  Overlord  
  91  5:21  Drone x2  
  91  5:23  Drone  
  91  5:25  Drone x2  
  91  5:27  Drone  
  97  5:30  Overlord  
  97  5:31  Zergling x2  
  97  5:34  Zergling x4, Extractor  
  99  5:36  Zergling x2  
  99  5:37  Overseer  
  99  5:40  Drone x2  
  102  5:48  Zergling x2  
  103  5:51  Zergling x4  
  102  5:57  Roach x3  
  102  5:58  Overlord  
  102  5:59  Ravager  
  102  6:01  Overlord  
  102  6:03  Drone x7  
  115  6:05  Extractor  
  115  6:08  Drone  
  115  6:12  Baneling Nest  
  115  6:13  Evolution Chamber  
  115  6:17  Overseer  
  113  6:20  Roach x3  
  118  6:26  Roach x2  
  118  6:30  Drone  
  123  6:37  Overlord  
  123  6:39  Roach x6  
  135  6:40  Hatchery  
  135  6:42  Zerg Melee Weapons Level 1  
  133  6:49  Overlord  
  133  6:50  Zergling x4  
  134  6:59  Roach x3  
  134  7:00  Overlord  
  140  7:02  Zergling x2, Centrifical Hooks  
  140  7:04  Ravager x4  
  140  7:05  Ravager  
  140  7:07  Zergling x2  
  140  7:08  Zergling x4  
  149  7:11  Ravager x2  
  149  7:12  Zergling x12  
  157  7:18  Zergling x2  
  158  7:23  Zergling x4  
  158  7:28  Baneling x10  
  160  7:30  Zergling x12  
  160  7:36  Baneling x5  
  166  7:39  Zergling x8  
  166  7:40  Overlord  
  166  7:41  Overlord  
  166  7:42  Baneling x3  
  170  7:52  Baneling x5  
  170  7:53  Baneling  
  158  8:01  Zergling x2  
  158  8:02  Zergling x18  
  141  8:10  Roach x5  
  135  8:15  Roach x5  
  141  8:20  Roach x2  
  141  8:22  Baneling x2  
  141  8:23  Baneling x2  
  141  8:26  Zergling x2  
  141  8:27  Zergling x8  
  153  8:33  Baneling x6  
  153  8:38  Extractor  
Show
View Real Time Build Order
Export as new Build Order

goblin Protoss 

Build Orders: 1 Gate Expand, Archon Immortal, Archon Drop, Dark Templar Rush 

Get SALT Encoding   

  12  0:00  Probe  
  13  0:12  Probe  
  14  0:18  Pylon  
  14  0:24  Probe  
  15  0:32  Probe  
  15  0:40  Probe  
  15  0:41  Gateway  
  16  0:47  Assimilator  
  17  0:51  Probe  
  18  1:03  Probe  
  19  1:19  Nexus  
  19  1:22  Probe  
  20  1:31  Cybernetics Core  
  20  1:35  Probe  
  21  1:43  Assimilator  
  21  1:47  Probe  
  21  1:51  Pylon  
  22  1:58  Probe  
  22  1:59  Stalker  
  23  2:06  Probe  
  23  2:12  Robotics Facility  
  23  2:14  Probe  
  26  2:21  Warp Gate  
  27  2:25  Probe  
  27  2:28  Probe  
  27  2:29  Adept  
  30  2:36  Probe  
  31  2:37  Probe  
  33  2:46  Probe  
  33  2:49  Probe  
  35  2:52  Warp Prism  
  35  2:56  Twilight Council  
  35  2:58  Probe  
  35  3:03  Probe  
  39  3:10  Probe  
  40  3:15  Probe, Pylon  
  41  3:20  Immortal  
  41  3:21  Gateway  
  41  3:22  Probe  
  46  3:35  Probe x2  
  48  3:41  Dark Shrine  
  48  3:47  Probe x2  
  50  3:50  Pylon  
  50  3:55  Immortal  
  50  3:56  Assimilator  
  50  3:59  Assimilator  
  54  4:09  Gateway  
  54  4:11  Gateway  
  54  4:13  Probe  
  54  4:14  Probe  
  56  4:23  Pylon  
  56  4:25  Probe  
  56  4:26  Probe  
  58  4:31  Zealot, Adept  
  62  4:41  Observer  
  62  4:43  Pylon  
  63  4:47  Nexus  
  63  4:53  Probe x2  
  65  5:05  Probe  
  65  5:06  Shield Battery  
  70  5:12  Adept  
  72  5:22  Probe  
  72  5:23  Probe  
  72  5:25  Pylon  
  72  5:27  Pylon  
  72  5:28  Charge  
  70  5:29  Observer, Forge  
  70  5:32  Dark Templar x4  
  70  5:34  Immortal  
  82  5:53  Probe  
  82  5:54  Probe  
  84  6:00  Immortal  
  84  6:02  Gateway  
  84  6:04  Gateway  
  84  6:06  Gateway x2  
  84  6:11  Probe x3  
  91  6:24  Archon x2  
  91  6:31  Immortal  
  87  6:34  Sentry x4  
  87  6:38  Gateway  
  87  6:39  Probe  
  100  6:42  Gateway  
  100  6:45  Pylon  
  100  6:46  Observer  
  100  6:58  Pylon  
  100  6:59  Pylon x2  
  100  7:00  Sentry x3  
  106  7:02  Stalker  
  106  7:04  Observer  
  108  7:15  Zealot x4  
  116  7:25  Pylon  
  116  7:37  Zealot x3  
  116  7:38  Zealot x6  
  116  7:39  Zealot  
  116  7:41  Pylon  
  116  7:42  Pylon  
  116  7:43  Pylon  
  86  8:12  Zealot x3  
  72  8:13  Zealot x6  
  84  8:22  Shield Battery  
  84  8:24  Zealot  
  86  8:31  Zealot x2  
  86  8:32  Zealot x2  
  86  8:33  Zealot x3  
  86  8:34  Zealot  
  102  8:35  Sentry  
Tags
 
Add a new tag
Caveats
  • Supply blocks, unpowered buildings, or Contaminate may cause inaccurate times.
  • Supply counts are checked every 10 seconds.